[Event "M.Chigorin Memorial 2013"]
[Site "St. Petersburg"]
[Date "2013.10.09"]
[Round "5.2"]
[White "Zhigalko, Andrey"]
[Black "Korneev, Oleg"]
[Result "1/2-1/2"]
[ECO "D31"]
[WhiteElo "2615"]
[BlackElo "2622"]
[PlyCount "97"]
[EventDate "2013.10.05"]
[TimeControl "6000+1425"]
[WhiteClock "0:11:19"]
[BlackClock "0:08:34"]

1. d4 d5 2. c4 e6 3. Nc3 Be7 4. Bf4 Nf6 5. e3 O-O 6. Rc1 c5 7. dxc5 Bxc5 8. Nf3
Nc6 9. a3 dxc4 10. Bxc4 Qxd1+ 11. Kxd1 b6 12. Ke2 Bb7 13. Rhd1 Rfd8 14. h3 h6
15. Ne5 Nxe5 16. Bxe5 Ne8 17. Rxd8 Rxd8 18. f3 Kf8 19. Nb5 a6 20. Nc3 Bd6 21.
Bd4 b5 22. Bd3 Rc8 23. Rd1 Bc5 24. Be4 Bxe4 25. Bxc5+ Rxc5 26. Nxe4 Rc2+ 27.
Rd2 Rxd2+ 28. Kxd2 Ke7 29. Kc3 f5 30. Nc5 Nc7 31. Kd4 Kd6 32. f4 Kc6 33. b4 Kd6
34. g3 g5 35. h4 g4 36. h5 Ne8 37. e4 Ng7 38. e5+ Kc6 39. Ke3 a5 40. Kd4 a4 41.
Ke3 Kd5 42. Na6 Kc6 43. Nc5 Kd5 44. Na6 Nxh5 45. Nc7+ Kc4 46. Kf2 Ng7 47. Kg2
Nh5 48. Kf2 Ng7 49. Kg2 1/2-1/2

[Event "M.Chigorin Memorial 2013"]
[Site "St. Petersburg"]
[Date "2013.10.09"]
[Round "5.3"]
[White "Svetlov, Dmitry"]
[Black "Eljanov, Pavel"]
[Result "0-1"]
[ECO "E15"]
[WhiteElo "2371"]
[BlackElo "2729"]
[PlyCount "74"]
[EventDate "2013.10.05"]
[TimeControl "6000+995"]
[WhiteClock "0:09:10"]
[BlackClock "0:13:51"]

1. d4 Nf6 2. c4 e6 3. Nf3 b6 4. g3 Bb7 5. Bg2 g6 6. O-O Bg7 7. Nc3 Ne4 8. Nxe4
Bxe4 9. Bg5 Qc8 10. Qd2 h6 11. Bf4 d6 12. Rac1 Nc6 13. d5 Ne7 14. Bh3 g5 15.
Be3 Bf5 16. Bxf5 Nxf5 17. Bd4 e5 18. Bc3 a5 19. Ne1 Qd7 20. e4 Ne7 21. Ng2 Bf6
22. Qe2 h5 23. f4 gxf4 24. gxf4 Ng6 25. f5 Nf8 26. Kh1 Bg5 27. Bd2 Bxd2 28.
Qxd2 Nh7 29. Qh6 O-O-O 30. Rc3 Rdg8 31. Qxh5 Nf6 32. Qf3 Rg4 33. Re1 Rhg8 34.
Rc2 Qa4 35. b3 Qb4 36. Ree2 Qc5 37. Rcd2 Qb4 0-1

[Event "M.Chigorin Memorial 2013"]
[Site "St. Petersburg"]
[Date "2013.10.09"]
[Round "5.4"]
[White "Areshchenko, Alexander"]
[Black "David, Alberto"]
[Result "1-0"]
[ECO "B12"]
[WhiteElo "2714"]
[BlackElo "2574"]
[PlyCount "61"]
[EventDate "2013.10.05"]
[TimeControl "6000+1265"]
[WhiteClock "0:25:51"]
[BlackClock "0:00:34"]

1. e4 c6 2. d4 d5 3. e5 Bf5 4. Nf3 e6 5. Be2 Nd7 6. c3 Ne7 7. O-O Nc8 8. Ne1 c5
9. Be3 Qb6 10. b3 Bg6 11. Nd3 cxd4 12. cxd4 Ne7 13. f4 Rc8 14. g4 a6 15. Nd2
Rc3 16. Nf3 Bxd3 17. Bxd3 h5 18. h3 hxg4 19. hxg4 Nc6 20. Qd2 Qa5 21. Kg2 Ba3
22. f5 Qb4 23. fxe6 fxe6 24. Rh1 Rf8 25. Bg6+ Kd8 26. Ng5 Nc5 27. Raf1 Rxf1 28.
Rxf1 Nxe5 29. dxe5 Qxg4+ 30. Kh2 Bb4 31. Rf4 1-0

[Event "M.Chigorin Memorial 2013"]
[Site "St. Petersburg"]
[Date "2013.10.09"]
[Round "5.5"]
[White "Akopian, Vladimir"]
[Black "Burmakin, Vladimir"]
[Result "1-0"]
[ECO "B12"]
[WhiteElo "2684"]
[BlackElo "2581"]
[PlyCount "69"]
[EventDate "2013.10.05"]
[TimeControl "6000+1340"]
[WhiteClock "0:06:54"]
[BlackClock "0:03:10"]

1. e4 c6 2. d4 d5 3. e5 Bf5 4. h4 h5 5. c4 e6 6. Nc3 Ne7 7. Bg5 Qb6 8. Qd2 Nd7
9. Nf3 Qb4 10. a3 Qb3 11. Rc1 dxc4 12. d5 cxd5 13. Bxe7 Bxe7 14. Nd4 Qb6 15.
Nxf5 exf5 16. Nxd5 Qd8 17. Bxc4 O-O 18. e6 Ne5 19. exf7+ Nxf7 20. O-O Bxh4 21.
Qe2 Rc8 22. Nf4 Bg5 23. Ne6 Qe7 24. Rce1 Bf6 25. Nxf8 Qxe2 26. Bxe2 Kxf8 27.
Bxh5 Bxb2 28. Rb1 Rc2 29. Rfd1 Ne5 30. Rd5 Nc4 31. Re1 g6 32. Bxg6 Bxa3 33.
Bxf5 Rb2 34. Bd3 Nd6 35. Ra1 1-0

[Event "M.Chigorin Memorial 2013"]
[Site "St. Petersburg"]
[Date "2013.10.09"]
[Round "5.6"]
[White "Khismatullin, Denis"]
[Black "Al-Modiahki, Mohamad"]
[Result "1-0"]
[ECO "E97"]
[WhiteElo "2656"]
[BlackElo "2568"]
[PlyCount "65"]
[EventDate "2013.10.05"]
[TimeControl "6000+1785"]
[WhiteClock "0:12:13"]
[BlackClock "0:01:03"]

1. d4 Nf6 2. c4 g6 3. Nc3 Bg7 4. e4 d6 5. Nf3 O-O 6. Be2 e5 7. O-O Nc6 8. d5
Ne7 9. b4 Ne8 10. a4 h6 11. c5 f5 12. Ba3 g5 13. Nd2 Ng6 14. exf5 Bxf5 15. Bg4
Bxg4 16. Qxg4 Nf6 17. Qc4 Nf4 18. g3 Nh3+ 19. Kg2 g4 20. f3 h5 21. fxg4 Nxg4
22. Kxh3 Qc8 23. Rxf8+ Bxf8 24. Qe2 Ne3+ 25. g4 Bh6 26. Nf1 hxg4+ 27. Kg3 Nf5+
28. Kg2 Nh4+ 29. Kh1 Qf5 30. Ng3 Qg6 31. Qe4 Qg7 32. Nh5 Qg5 33. Qxg4 1-0

[Event "M.Chigorin Memorial 2013"]
[Site "St. Petersburg"]
[Date "2013.10.09"]
[Round "5.7"]
[White "Khairullin, Ildar"]
[Black "Gabrielian, Artur"]
[Result "1/2-1/2"]
[ECO "D90"]
[WhiteElo "2651"]
[BlackElo "2541"]
[PlyCount "69"]
[EventDate "2013.10.05"]
[TimeControl "6000+1625"]
[WhiteClock "0:09:19"]
[BlackClock "0:24:31"]

1. Nf3 Nf6 2. c4 g6 3. Nc3 d5 4. d4 Bg7 5. h4 c6 6. cxd5 cxd5 7. Bf4 O-O 8. e3
Nc6 9. Be2 Bg4 10. O-O Nh5 11. Bh2 e6 12. Ng5 Bxe2 13. Qxe2 Rc8 14. Rac1 Nf6
15. Na4 h6 16. Nf3 Ne4 17. Nc5 Nxc5 18. Rxc5 Ne7 19. Rfc1 Rxc5 20. Rxc5 Nc6 21.
b4 a6 22. b5 axb5 23. Rxb5 Qa8 24. Qb2 Rc8 25. Bd6 Na5 26. Bc5 Nc4 27. Qb4 b6
28. Bxb6 Nxb6 29. Rxb6 Qxa2 30. Rb8 Rxb8 31. Qxb8+ Kh7 32. Qb7 Kg8 33. Qb8+ Kh7
34. Qb7 Kg8 35. Qb8+ 1/2-1/2

[Event "M.Chigorin Memorial 2013"]
[Site "St. Petersburg"]
[Date "2013.10.09"]
[Round "5.8"]
[White "Kukhmazov, Arsen"]
[Black "Ponkratov, Pavel"]
[Result "0-1"]
[ECO "A06"]
[WhiteElo "2239"]
[BlackElo "2618"]
[PlyCount "162"]
[EventDate "2013.10.05"]
[TimeControl "5400+955"]
[WhiteClock "0:03:50"]
[BlackClock "0:04:30"]

1. Nf3 d5 2. d4 Bf5 3. c4 e6 4. Nc3 c6 5. Bf4 a5 6. e3 Nf6 7. Be2 Nbd7 8. h3 a4
9. a3 Qb6 10. Qd2 Be7 11. O-O O-O 12. Rac1 Qa5 13. Rfd1 Rfd8 14. Nh4 Bg6 15.
Nxg6 hxg6 16. Qc2 dxc4 17. Bxc4 Nd5 18. Bg3 N7f6 19. Ne4 Rac8 20. Nxf6+ gxf6
21. Ba2 Kg7 22. e4 Nb6 23. Bf4 Qb5 24. Be3 f5 25. f3 Bf6 26. Qf2 Nd7 27. Bc4
Qa5 28. Bd2 Qa7 29. Bc3 Qb8 30. Ba2 Rh8 31. d5 cxd5 32. exd5 e5 33. d6 Rh4 34.
Rc2 Rch8 35. Rcd2 Bd8 36. Kh2 Bb6 37. Qe2 f6 38. Qb5 Qe8 39. Qd5 Kh6 40. Bc4
Rh7 41. Bb5 Kg5 42. Rd3 f4 43. Be1 R4h5 44. Rc3 Qh8 45. Bf1 f5 46. Rc2 Nf6 47.
Qe6 Nd7 48. Rd5 Qd8 49. Bc3 Qc8 50. Rxe5 Qd8 51. Rd5 Ba7 52. Bd3 Qf8 53. Re2
Bc5 54. Be5 Rh4 55. Rc2 b6 56. Bd4 Bxd4 57. Rxd4 Qh8 58. Rd5 Rxh3+ 59. Kg1 Rh1+
60. Kf2 Rg7 61. Bf1 Nf6 62. Rd1 Qh7 63. Rcd2 Qh2 64. Ke2 Qg1 65. Kd3 Qc5 66.
Rc2 Qb5+ 67. Qc4 Qa5 68. Be2 Rd7 69. Qd4 Rxd1+ 70. Bxd1 Ne8 71. Rc6 Qb5+ 72.
Qc4 Nxd6 73. Qxb5 Nxb5+ 74. Kc4 Nxa3+ 75. bxa3 Rxd1 76. Rxb6 Rd2 77. Kb5 Rxg2
78. Kxa4 Rf2 79. Rb3 Kh4 80. Kb4 g5 81. a4 g4 0-1

[Event "M.Chigorin Memorial 2013"]
[Site "St. Petersburg"]
[Date "2013.10.09"]
[Round "5.9"]
[White "Solak, Dragan"]
[Black "Malakhov, Igor"]
[Result "1/2-1/2"]
[ECO "B30"]
[WhiteElo "2611"]
[BlackElo "2434"]
[PlyCount "95"]
[EventDate "2013.10.05"]
[TimeControl "6000+830"]
[WhiteClock "0:18:25"]
[BlackClock "0:52:56"]

1. e4 c5 2. Nf3 Nc6 3. Bb5 e6 4. Bxc6 bxc6 5. d3 Ne7 6. Qe2 Qc7 7. e5 Ng6 8. b3
f6 9. Bb2 Be7 10. Nbd2 O-O 11. O-O fxe5 12. Nxe5 Nxe5 13. Bxe5 d6 14. Bg3 e5
15. f4 exf4 16. Bxf4 Bf5 17. Nc4 Rae8 18. Rae1 Qd7 19. Qd2 Be6 20. Bg3 Rxf1+
21. Rxf1 h6 22. h3 Bg5 23. Bf4 Bxf4 24. Qxf4 Bxc4 25. Qxc4+ Re6 26. a3 Qe7 27.
Re1 d5 28. Rxe6 Qxe6 29. Qxc5 Qe1+ 30. Kh2 Qe5+ 31. Kg1 Qe1+ 32. Kh2 Qe5+ 33.
g3 Qe2+ 34. Kg1 h5 35. h4 a5 36. a4 Qf3 37. Qf2 Qd1+ 38. Kh2 d4 39. Qg2 c5 40.
Qd5+ Kh7 41. Qe4+ g6 42. Qg2 Kh6 43. Kh3 Qg4+ 44. Kh2 Qd1 45. Qf2 Kg7 46. Kg2
Kg8 47. Kh2 Kg7 48. Qg2 1/2-1/2

[Event "M.Chigorin Memorial 2013"]
[Site "St. Petersburg"]
[Date "2013.10.09"]
[Round "5.10"]
[White "Zvjaginsev, Vadim"]
[Black "Gorozhanin, Mikhail"]
[Result "1-0"]
[ECO "D31"]
[WhiteElo "2659"]
[BlackElo "2315"]
[PlyCount "81"]
[EventDate "2013.10.05"]
[TimeControl "6000+1570"]
[WhiteClock "0:45:52"]
[BlackClock "0:33:32"]

1. c4 e6 2. Nc3 d5 3. d4 c6 4. e4 dxe4 5. Nxe4 Bb4+ 6. Nc3 Nf6 7. Nf3 c5 8. Be2
cxd4 9. Nxd4 O-O 10. O-O Qe7 11. Qc2 Rd8 12. Be3 Bd7 13. a3 Bxc3 14. Qxc3 e5
15. Nb5 Nc6 16. b4 Ne8 17. Qb2 a6 18. Nc3 Be6 19. Rad1 a5 20. Nd5 Bxd5 21. cxd5
Nb8 22. Bb6 Rc8 23. bxa5 Nd6 24. Rc1 Nd7 25. Qb4 Nf5 26. Qxe7 Nxe7 27. d6 Nc6
28. Bb5 Nxb6 29. axb6 Nd4 30. Rxc8+ Rxc8 31. d7 Rd8 32. Rc1 Kf8 33. Rc8 Ke7 34.
Ba4 Nf5 35. Rc5 f6 36. f4 Kd6 37. Rc7 exf4 38. Rxb7 Ne7 39. Rc7 g5 40. Rc1 Nd5
41. Rc8 1-0

[Event "M.Chigorin Memorial 2013"]
[Site "St. Petersburg"]
[Date "2013.10.09"]
[Round "5.11"]
[White "Predke, Alexandr"]
[Black "Alekseev, Evgeny"]
[Result "1/2-1/2"]
[ECO "B46"]
[WhiteElo "2464"]
[BlackElo "2707"]
[PlyCount "113"]
[EventDate "2013.10.05"]
[TimeControl "6000+1390"]
[WhiteClock "0:01:31"]
[BlackClock "0:06:19"]

1. e4 c5 2. Nf3 Nc6 3. Nc3 e6 4. d4 cxd4 5. Nxd4 a6 6. Nxc6 bxc6 7. Bd3 d5 8.
O-O Nf6 9. Qf3 Be7 10. Qg3 O-O 11. e5 Nh5 12. Qg4 g6 13. Bh6 f5 14. Qf3 Ng7 15.
Ne2 Rb8 16. b3 c5 17. Qg3 Nh5 18. Qe3 Rf7 19. c3 a5 20. Rfe1 Kh8 21. Rad1 Bb7
22. Qh3 Qc7 23. Kh1 Bf8 24. Bxf8 Rbxf8 25. Qh4 Qb6 26. Nf4 Nxf4 27. Qxf4 Qd8
28. Qh6 Rg8 29. Be2 Qe7 30. f4 g5 31. fxg5 Rxg5 32. Bf3 Rg6 33. Qf4 Rfg7 34.
Rd2 Qg5 35. Qxg5 Rxg5 36. Kg1 Kg8 37. Kf2 Rf7 38. Ke3 Kf8 39. Kf4 Rgg7 40. Rb1
Rc7 41. a3 Rgd7 42. c4 d4 43. b4 cxb4 44. axb4 Rxc4 45. bxa5 Bxf3 46. gxf3 Ra4
47. Rb5 d3+ 48. Kg5 Kf7 49. Rb3 Rxa5 50. Rbxd3 h6+ 51. Kxh6 Rxd3 52. Rxd3 Rxe5
53. Kg5 Re2 54. Rd7+ Ke8 55. Rh7 Re3 56. f4 e5 57. Kxf5 1/2-1/2

[Event "M.Chigorin Memorial 2013"]
[Site "St. Petersburg"]
[Date "2013.10.09"]
[Round "5.12"]
[White "Givon, Asaf"]
[Black "Zhigalko, Sergei"]
[Result "0-1"]
[ECO "B90"]
[WhiteElo "2445"]
[BlackElo "2683"]
[PlyCount "98"]
[EventDate "2013.10.05"]
[TimeControl "6000+1195"]
[WhiteClock "0:19:13"]
[BlackClock "0:08:45"]

1. e4 c5 2. Nf3 d6 3. d4 cxd4 4. Nxd4 Nf6 5. Nc3 a6 6. Be3 e5 7. Nb3 Be6 8. h3
Be7 9. f4 exf4 10. Bxf4 Nc6 11. Qe2 Ne5 12. O-O-O Nfd7 13. Kb1 O-O 14. g4 Rc8
15. Qe3 Re8 16. Nd4 Qa5 17. a3 Bf8 18. g5 Qc7 19. Rh2 b5 20. Nxe6 fxe6 21. Na2
Nb6 22. b3 g6 23. Rhd2 Bg7 24. c3 Rcd8 25. Bg3 Rf8 26. Be2 Nc8 27. Rc2 Qb7 28.
Nc1 Nb6 29. Ka2 Qc7 30. Nd3 Nbd7 31. Nf4 Nc5 32. Nd3 Ncxd3 33. Rxd3 Nxd3 34.
Qxd3 Be5 35. Bg4 Rfe8 36. Be1 d5 37. exd5 exd5 38. Bf3 Qf7 39. Re2 d4 40. c4
bxc4 41. bxc4 Bg7 42. Be4 Kh8 43. Rf2 Qe7 44. Rf4 Qxg5 45. Bd2 Qh5 46. Rg4 Bf6
47. Rf4 Bg5 48. Bf3 Qxh3 49. Rxd4 Bf6 0-1